 Dungeon Crawl Stone Soup version 0.19.0-2-gae57169 (webtiles) character file.

3885 hairmachine the Grappler (level 10, -10/92 HPs)
             Began as a Troll Transmuter on Nov 6, 2016.
             Was a Believer of Makhleb.
             Killed from afar by Erica (32 damage)
             ... with an orb of energy
             ... on level 9 of the Dungeon.
             The game lasted 00:24:34 (9627 turns).

hairmachine the Grappler (Troll Transmuter)         Turns: 9627, Time: 00:24:36

Health: -10/92     AC:  6    Str: 23 (26) XL:     10   Next: 0%
Magic:  10/10      EV: 10    Int:  6 (9)  God:    Makhleb [**....]
Gold:   261        SH:  0    Dex: 15 (16) Spells: 1 memorised, 10 levels left

rFire  + . .     SeeInvis .       - Unarmed
rCold  . . .     Gourm    +     b - +0 robe
rNeg   . . .     Faith    .     (no shield)
rPois  .         Spirit   .     p - +1 hat
rElec  .         Reflect  .     l - +0 cloak
rCorr  .         Harm     .     (gloves unavailable)
MR     .....                    (boots unavailable)
Stlth  +.........               (no amulet)
                                f - ring of protection from fire {rF+, !d}
                                w - +4 ring of dexterity

@: mighty, lethally poisoned (-10 -> -11)
A: unfitting armour, claws 3, deformed body, fast metabolism 3, gourmand,
regeneration 1, shaggy fur 1, tough skin 2
a: Minor Destruction, Renounce Religion


You were on level 9 of the Dungeon.
You worshipped Makhleb.
Makhleb was pleased with you.
You were very full.

You visited 2 branches of the dungeon, and saw 11 of its levels.

You collected 513 gold pieces.
You spent 252 gold pieces at shops.


Innate Abilities, Weirdness & Mutations

You are too large for most types of armour.
You have claws for hands.
Your metabolism is lightning-fast.
You like to eat raw meat.
Your natural rate of healing is unusually fast.
You are covered in fur. (AC +1)
You have very tough skin. (AC +2)
Armour fits poorly on your strangely shaped body.


   Skills:
 + Level 4.1 Fighting
 + Level 3.9 Armour
 - Level 1.5 Dodging
 + Level 12.5 Unarmed Combat
 - Level 1.2 Spellcasting
 - Level 1.3 Transmutations


You had 10 spell levels left.
You knew the following spells:

 Your Spells              Type           Power        Failure   Level  Hunger
a - Beastly Appendage     Tmut           #.....       28%         1    ##.....

Inventory:

Missiles
 a - 157 arrows
 K - a tomahawk (quivered)
Armour
 b - a +0 robe (worn)
 l - a +0 cloak (worn)
   (You found it on level 1 of the Dungeon)
 p - a +1 hat (worn)
   (You found it on level 2 of the Dungeon)
Jewellery
 f - a ring of protection from fire (right claw) {rF+, !d}
   (You found it on level 5 of the Dungeon)
 r - an uncursed amulet of regeneration
   (You found it on level 8 of the Dungeon)
 w - a +4 ring of dexterity (left claw)
   (You found it on level 6 of the Dungeon)
 O - an uncursed ring of protection from cold {unknown}
   (You found it on level 8 of the Dungeon)
 R - an uncursed ring of resist corrosion {unknown}
   (You found it on level 8 of the Dungeon)
Wands
 y - a wand of slowing (18/48)
   (You found it on level 7 of the Dungeon)
 E - a wand of polymorph (9/24)
   (You found it on level 8 of the Dungeon)
Scrolls
 g - 3 scrolls of noise {!r, unknown}
 i - a scroll of fog {!r, unknown}
 n - a scroll of recharging {!r, unknown}
 o - 4 scrolls of remove curse {!r, unknown}
 q - 10 scrolls of identify {!r}
 s - 2 scrolls of random uselessness {!r, unknown}
 v - 4 scrolls of immolation {!r, unknown}
 x - a scroll of fear {!r, unknown}
 z - a scroll of enchant weapon {!r, unknown}
 A - 2 scrolls of amnesia {!r, unknown}
 D - 4 scrolls of teleportation {!r, unknown}
 L - a scroll of blinking {!r, unknown}
 N - a scroll of torment {!r, unknown}
 Q - a scroll of magic mapping {!r, unknown}
 S - a scroll of summoning {!r, unknown}
Potions
 e - a potion of brilliance {!q}
 j - 3 potions of degeneration {!q}
 t - 2 potions of heal wounds {!q}
 B - a potion of lignification {!q, unknown}
 F - 2 potions of haste {!q}
 I - a potion of agility {!q}
 M - a potion of cancellation {!q, unknown}
 P - a potion of ambrosia {!q, unknown}
Books
 c - a book of Changes

   Spells                             Type                      Level
   a - Beastly Appendage              Transmutation                1
   b - Sticks to Snakes               Transmutation                2
   c - Spider Form                    Transmutation/Poison         3
   d - Ice Form                       Ice/Transmutation            4
   e - Blade Hands                    Transmutation                5
 u - a book of Cantrips
   (You found it on level 6 of the Dungeon)

   Spells                             Type                      Level
   a - Confusing Touch                Hexes                        1
   b - Animate Skeleton               Necromancy                   1
   c - Summon Small Mammal            Summoning                    1
   d - Apportation                    Translocation                1
 C - a book of Beasts
   (You found it on level 5 of the Dungeon)

   Spells                             Type                      Level
   a - Summon Butterflies             Summoning                    1
   b - Call Canine Familiar           Summoning                    3
   c - Summon Ice Beast               Ice/Summoning                4
   d - Summon Mana Viper              Hexes/Summoning              5
   e - Summon Hydra                   Summoning                    7
Comestibles
 d - 11 bread rations
 h - 3 beef jerkies
 k - 3 slices of pizza
 G - 2 fruits
 J - 2 meat rations

Dungeon Overview and Level Annotations

Branches:
Dungeon (10/15)            Temple (1/1) D:4
   Lair: D:8-11         Orc: D:9-12

Altars:
Ashenzari
Cheibriados
Dithmenos
Elyvilon
Fedhas
Gozag
Hepliaklqana
Kikubaaqudgha
Makhleb
Nemelex Xobeh
Okawaru
Qazlal
Ru
Sif Muna
Trog
Uskayaw
Vehumet
Yredelemnul
Zin
The Shining One

Shops:
D:6 !   D:9 %

Annotations:
D:8 feelmyfire's ghost, novice MiFi
D:9 Erica

#......#............
#..@{..#............
#......#............
#......#............
#######......'............
#............#......######
#.###...###..#####+##.....
#.#≈≈...≈≈#...............
#.#≈..♣..≈#...............
#.........................
#...♣._.♣.................
##........................
##≈..♣..≈#.######'######.
#≈≈...≈≈#.#...........#.
###...###.#...........#.
##.###..#...........#.
#.)....#...........#.


There were no monsters in sight!


Message History

The killer bee barely misses you. The killer bee closely misses you.
The killer bee misses you.
The killer bee stings you but does no damage.
There is a stone staircase leading up here.
You miss the killer bee.
The killer bee is severely wounded.
The killer bee stings you but does no damage.
The killer bee stings you.
* * * LOW HITPOINT WARNING * * *
You are poisoned.
The killer bee poisons you! The killer bee stings you.
* * * LOW HITPOINT WARNING * * *
You are more poisoned.
The killer bee poisons you!
Huge Dmg: -6%(-5hp) hp: 17%(14hp) Really quaff
j - 4 sedimented blue potions {!q}?
It was a potion of degeneration {!q}.
There was something very wrong with that liquid.
You feel weakened.
You feel dopey.
You feel clumsy.
You feel sick. The killer bee stings you.
* * * LOW HITPOINT WARNING * * *
The killer bee stings you.
* * * LOW HITPOINT WARNING * * *
The killer bee barely misses you. The killer bee completely misses you.
Huge Dmg: -9%(-8hp) hp: 8%(6hp) Really quaff
t - 5 black potions {!q}?
It was a potion of heal wounds {!q}.
You feel much better.
You feel sick. The killer bee stings you.
* * * LOW HITPOINT WARNING * * *
You are more poisoned.
The killer bee poisons you! The killer bee stings you.
* * * LOW HITPOINT WARNING * * *
The killer bee misses you.
Really quaff
t - 4 potions of heal wounds {!q}?
You feel much better.
You feel sick. The killer bee stings you.
* * * LOW HITPOINT WARNING * * *
You are more poisoned.
The killer bee poisons you! The killer bee barely misses you.
You feel sick.
The killer bee stings you but does no damage.
The killer bee stings you.
* * * LOW HITPOINT WARNING * * *
Something hits you but does no damage.
You climb upwards.
You feel very sick.
There is a stone staircase leading down here.
Damage: -6%(-5hp) hp: 47%(39hp) Unknown command.
You claw the killer bee!
You kill the killer bee!
You feel better.
You have reached level 10!
You feel sick. Something hits you.
* * * LOW HITPOINT WARNING * * *
Something burns you.
* * * LOW HITPOINT WARNING * * *
You feel sick. Something hits you but does no damage.
You feel sick.
There is a stone staircase leading down, spattered with blood here.
Damage: -2%(-2hp) hp: 44%(40hp)
You closely miss something.
You feel sick.
You hear some strange, mumbled words.
Something tries to affect you, but you resist.
Unknown command.
You mangle something!!
You feel sick. Something hits you.
* * * LOW HITPOINT WARNING * * *
Damage: -8%(-7hp) hp: 36%(33hp)
You mangle something!!
You feel sick. Something hits you.
* * * LOW HITPOINT WARNING * * *
Damage: -4%(-4hp) hp: 32%(29hp) Really quaff
H - a potion of might {!q}?
You feel very mighty all of a sudden.
You feel sick.
You miss something.
You feel sick. Something hits you.
* * * LOW HITPOINT WARNING * * *
Something burns you.
* * * LOW HITPOINT WARNING * * *
Huge Dmg: -9%(-8hp) hp: 23%(21hp)
You completely miss something. Your claw misses something.
You feel sick. Something hits you!
* * * LOW HITPOINT WARNING * * *
Something burns you.
* * * LOW HITPOINT WARNING * * *
Huge Dmg: -16%(-15hp) hp: 7%(6hp)
You claw something!
You feel sick.
Really quaff
t - 3 potions of heal wounds {!q}?
You feel much better.
You feel sick. Something hits you but does no damage.
You scratch something.
You feel sick.
You hear some strange, mumbled words.
An orb of energy appears from out of thin air!
The orb of energy hits you!
You die...

Vault maps used:
D:1:      eino_arrival_cavern_a
D:2:      zin_angel, ecumenical_altar_1
D:4:      nicolae_overflow_quartered_altars, first_bread
D:5:      eat_drink_and_be_merry_uskayaw
D:6:      serial_shops, shop, uniq_eustachio
D:7:      lemuel_zombie_altar_yredelemnul, uniq_menkaure, uniq_duvessa
D:8:      old_standard_altar, basic_altar
D:9:      kennysheep_mini, elyvilon_altar_4,
          chequers_temple_overflow_statue_of_worship, basic_altar, serial_shops,
          shop
D:10:     david_nohive_1, uniq_nergalle, uniq_erica
Temple:   jpeg_temple_island

Notes
Turn   | Place    | Note
-------+----------+-------------------------------------------
     0 | D:1      | hairmachine the Troll Transmuter began the quest for the Orb.
     0 | D:1      | Reached XP level 1. HP: 18/18 MP: 1/1
   766 | D:1      | Reached XP level 2. HP: 26/26 MP: 2/2
  1428 | D:2      | Reached skill level 4 in Unarmed Combat
  1548 | D:2      | Reached XP level 3. HP: 25/32 MP: 3/3
  1746 | D:2      | Found a glowing silver altar of Zin.
  1746 | D:2      | Noticed an angel
  2115 | D:2      | Found a faded altar of an unknown god.
  2131 | D:2      | Reached skill level 5 in Unarmed Combat
  2131 | D:2      | Reached XP level 4. HP: 40/40 MP: 4/4
  2809 | D:3      | Noticed an ogre
  2918 | D:4      | Reached XP level 5. HP: 46/46 MP: 5/5
  2992 | D:4      | Noticed an ogre
  3076 | D:3      | Reached skill level 6 in Unarmed Combat
  3318 | D:3      | Killed an ogre
  3318 | D:3      | Reached XP level 6. HP: 48/54 MP: 6/6
  3537 | D:4      | Found a snail-covered altar of Cheibriados.
  3654 | D:4      | Found a glowing golden altar of the Shining One.
  3677 | D:4      | Found a staircase to the Ecumenical Temple.
  3684 | Temple   | Entered the Ecumenical Temple
  3722 | Temple   | Became a worshipper of Makhleb the Destroyer
  3775 | D:4      | Reached skill level 7 in Unarmed Combat
  3824 | D:4      | Found an opulent altar of Gozag.
  3841 | D:4      | Found a blossoming altar of Fedhas.
  4299 | D:5      | Entered Level 5 of the Dungeon
  4325 | D:5      | Noticed a sky beast
  4330 | D:5      | Killed a sky beast
  4330 | D:5      | Reached skill level 8 in Unarmed Combat
  4330 | D:5      | Reached XP level 7. HP: 61/61 MP: 7/7
  4839 | D:5      | Found a hide-covered altar of Uskayaw.
  4841 | D:5      | Reached * piety under Makhleb
  4873 | D:5      | Noticed a troll
  5231 | D:5      | Gained mutation: Your body sometimes deteriorates upon taking damage. [potion of mutation]
  5231 | D:5      | Lost mutation: Your body sometimes deteriorates upon taking damage. [potion of mutation]
  5231 | D:5      | Gained mutation: Armour fits poorly on your strangely shaped body. [potion of mutation]
  5264 | D:5      | Killed a troll
  5264 | D:5      | Reached skill level 9 in Unarmed Combat
  5458 | D:5      | Reached XP level 8. HP: 47/68 MP: 8/8
  5634 | D:5      | Reached skill level 10 in Unarmed Combat
  5853 | D:6      | Noticed Eustachio
  5867 | D:6      | Killed Eustachio
  6315 | D:6      | Found Vige's Distillery.
  6323 | D:6      | Bought a potion of might for 56 gold pieces
  6323 | D:6      | Bought a potion of agility for 56 gold pieces
  6323 | D:6      | Bought a potion of haste for 140 gold pieces
  6433 | D:6      | Reached skill level 11 in Unarmed Combat
  6727 | D:7      | Found a basalt altar of Yredelemnul.
  6843 | D:7      | Noticed Duvessa
  6843 | D:7      | Noticed Dowan
  6853 | D:7      | Killed Duvessa
  6853 | D:7      | Reached skill level 1 in Fighting
  6855 | D:7      | Killed Dowan
  6860 | D:7      | Reached skill level 1 in Armour
  6860 | D:7      | Reached XP level 9. HP: 66/76 MP: 9/9
  7612 | D:7      | Noticed Menkaure
  7776 | D:6      | Reached ** piety under Makhleb
  7784 | D:7      | Killed Menkaure
  7786 | D:7      | Reached skill level 12 in Unarmed Combat
  8109 | D:8      | Noticed feelmyfire's ghost (novice MiFi)
  8151 | D:8      | Found a blossoming altar of Fedhas.
  8909 | D:9      | Found Teqomn's Food Boutique.
  8966 | D:9      | Found a white marble altar of Elyvilon.
  9124 | D:9      | Found an iron altar of Okawaru.
  9446 | D:9      | Found a bloodstained altar of Trog.
  9479 | D:9      | Found an ancient bone altar of Kikubaaqudgha.
  9482 | D:9      | Found a sparkling altar of Nemelex Xobeh.
  9502 | D:10     | Entered Level 10 of the Dungeon
  9585 | D:10     | Noticed Erica
  9616 | D:9      | Reached XP level 10. HP: 48/92 MP: 10/10
  9627 | D:9      | Killed from afar by Erica

Vanquished Creatures
  A troll (D:5)
  A hornet (D:9)
  A two-headed ogre (D:9)
  A hippogriff (D:9)
  Eustachio (D:6)
  Menkaure (D:7)
  Duvessa (D:7)
  2 ice beasts
  An orc warrior (D:9)
  4 sky beasts
  2 phantoms
  5 ogres
  2 centaurs
  A bullfrog (D:7)
  A wyvern zombie (D:9)
  Dowan (D:7)
  A scorpion (D:9)
  2 killer bees
  3 wights (D:9)
  A howler monkey (D:5)
  A crimson imp (D:5)
  A bullfrog skeleton (D:9)
  A jelly (D:7)
  3 orc priests
  A hound (D:7)
  4 orc wizards
  An iguana (D:7)
  8 worker ants
  A killer bee zombie (D:8)
  A hound skeleton (D:9)
  A howler monkey skeleton (D:4)
  14 adders
  3 shadow imps
  An ooze (D:3)
  An adder skeleton (D:6)
  A worm (D:5)
  A dart slug (D:4)
  5 leopard geckos
  23 orcs
  4 giant cockroaches
  6 goblins
  8 hobgoblins
  6 jackals
  3 quokkas
  A ball python zombie (D:5)
  6 bats
  8 frilled lizards
  2 gnoll zombies (D:7)
  7 kobolds
  7 rats
163 creatures vanquished.

Action                   |  1- 3 |  4- 6 |  7- 9 | 10-12 || total
-------------------------+-------+-------+-------+-------++-------
Melee: Unarmed           |    86 |   109 |   260 |     7 ||   462
       Punch             |     1 |     4 |    12 |       ||    17
Throw: Tomahawk          |       |    14 |    14 |       ||    28
  Use: Scroll            |       |     1 |     1 |       ||     2
       Potion            |       |       |    10 |     2 ||    12
 Stab: Invisible         |       |       |     1 |       ||     1
  Eat: Chunk             |    21 |    24 |    46 |       ||    91
Armor: Robe              |    24 |    23 |    64 |     1 ||   112
Dodge: Dodged            |    43 |    49 |   122 |       ||   214

Skill      XL: |  1  2  3  4  5  6  7  8  9 |
---------------+----------------------------+-----
Unarmed Combat | 4 5 6 8 9 11 12 | 12.5
Fighting       | 1 4 |  4.1
Armour         | 1 3 |  3.9
Dodging        | |  1.5
Spellcasting   | |  1.2
Transmutations | |  1.3
